 Dungeon Crawl Stone Soup version 0.26-a0-639-g72c4674329 (webtiles) character file.

Game seed: 8772930978977178185

113 Colgate the Charlatan (level 4, -1/32 HPs)
             Began as a Demonspawn Artificer on Sept 17, 2020.
             Was an Initiate of Yredelemnul.
             Killed by divine providence
             ... invoked by an orc priest
              (15 damage)
             ... on level 3 of the Dungeon.
             The game lasted 00:30:11 (2697 turns).

Colgate the Charlatan (Demonspawn Artificer)        Turns: 2697, Time: 00:30:11

Health: -1/32      AC:  6    Str: 13    XL:     4   Next: 65%
Magic:  4/4        EV: 10    Int: 12    God:    Yredelemnul [......]
Gold:   132        SH:  0    Dex: 14    Spells: 3/3 levels left

rFire    . . .     SeeInvis .   a - +1 dagger (venom)
rCold    . . .     Faith    .   (no shield)
rNeg     . . .     Spirit   .   y - +0 ring mail
rPois    .         Reflect  .   n - +0 hat
rElec    .         Harm     .   (no cloak)
rCorr    .         Rampage  .   t - +0 pair of gloves
MR       .....                  (no boots)
Stlth    +.........             (no amulet)
HPRegen  0.10/turn              (no ring)
MPRegen  0.09/turn              (no ring)

@: no status effects
A: talons 2
a: Renounce Religion


You were on level 3 of the Dungeon.
You worshipped Yredelemnul.
Yredelemnul was noncommittal.
You visited 1 branch of the dungeon, and saw 3 of its levels.

You collected 132 gold pieces.

Inventory:

Hand Weapons
 a - a +1 dagger of venom (weapon)
 b - a +0 hunting sling
Missiles
 g - 62 stones
 h - 48 arrows
 p - 43 bolts
 u - 8 sling bullets
 w - 14 poisoned darts (quivered)
Armour
 i - a +0 robe
 k - a +0 leather armour
 n - a +0 hat (worn)
 t - a +0 pair of gloves (worn)
 y - a +0 ring mail (worn)
 B - a +0 scale mail
Wands
 c - a wand of flame (15)
 d - a wand of enslavement (15)
 e - a wand of random effects (15)
Scrolls
 l - 5 scrolls of teleportation {unknown}
 m - 2 scrolls of amnesia {unknown}
 q - 2 scrolls of remove curse {unknown}
 r - a scroll of random uselessness {unknown}
 s - 2 scrolls of identify {unknown}
 x - a scroll of blinking {unknown}
 A - 2 scrolls of enchant weapon {unknown}
Potions
 f - a potion of curing {unknown}
 j - 2 potions of stabbing {unknown}
 o - 2 potions of flight {unknown}
 v - a potion of brilliance {unknown}
 z - a potion of invisibility {unknown}


   Skills:
 - Level 1.0 Fighting
 - Level 1.0 Short Blades
 + Level 1.2 Slings
 - Level 1.7 Armour
 - Level 0.8 Dodging
 - Level 0.8 Stealth
 - Level 5.0 Evocations


You had 3 spell levels left.
You didn't know any spells.
Your spell library contained the following spells:

 Spells                   Type           Power        Failure   Level
 Beastly Appendage        Tmut           #.....       56%         1
 Wereblood                Tmut           #.......     71%         2
 Spider Form              Tmut/Pois      #.........   91%         3
 Ice Form                 Ice/Tmut       #.......     100%        4
 Blade Hands              Tmut           #.........   100%        5


Dungeon Overview and Level Annotations

Branches:
Dungeon (3/15)

Altars:
Qazlal
Yredelemnul


Innate Abilities, Weirdness & Mutations

You have razor-sharp toenails.


Message History

The orc hits you.
The orc priest mumbles some strange prayers to Beogh against you.
Beogh smites you!
You hit the orc priest but do no damage.
The orc priest looks even sicker.
You claw the orc priest.
The orc priest is moderately wounded.
You kill the orc!
Yredelemnul accepts your kill. The orc priest closely misses you.
You barely miss the orc priest. You claw the orc priest.
The orc priest is heavily wounded.
The orc priest hits you but does no damage.
You hit the orc priest but do no damage.
The orc priest looks as sick as possible!
The orc priest is heavily wounded.
The orc priest hits you but does no damage.
The orc priest mumbles some strange prayers to Beogh against you.
Beogh smites you!
You die...
Your body rises from the dead as a mindless zombie.

#....P..≈≈≈≈≈♣≈........#
##......P≈≈≈≈♣≈♣..P.....#
.....P...♣≈♣.≈..P.......#
.....♣....≈≈P..P#.......#
.#......P..P..♣##.......#
...#####.##.......######.
#................##
#...........#....#
##..##....#.....@## ##..#
...####....# #.# #...(og#
.. #....#...(#
..#####..(.( #. ..#.#.. .
###.(.).. ##### ......
....# ##....


You could see an orc priest (extremely poisoned) and a hobgoblin.

Vanquished Creatures
  2 adders (D:2)
  An ooze (D:1)
  2 worms (D:2)
  3 dart slugs
  A leopard gecko (D:1)
  3 orcs (D:3)
  7 bats
  A giant cockroach (D:1)
  8 goblins
  10 hobgoblins
  6 jackals (D:2)
  9 kobolds
  A quokka (D:2)
  5 frilled lizards
  9 rats
  A spectral orc (D:2)
69 creatures vanquished.

Notes
Turn   | Place    | Note
-------+----------+-------------------------------------------
     0 | D:1      | Colgate the Demonspawn Artificer began the quest for the
                  | Orb.
     0 | D:1      | Reached XP level 1. HP: 15/15 MP: 1/1
   326 | D:1      | Gained mutation: You have sharp toenails. [demonic
                  | ancestry]
   326 | D:1      | Reached XP level 2. HP: 21/21 MP: 2/2
   533 | D:1      | Reached skill level 4 in Evocations
   784 | D:1      | Reached XP level 3. HP: 26/26 MP: 3/3
  1664 | D:2      | Gained mutation: You have razor-sharp toenails. [demonic
                  | ancestry]
  1664 | D:2      | Reached XP level 4. HP: 30/32 MP: 4/4
  1679 | D:2      | Reached skill level 5 in Evocations
  1951 | D:2      | Reached skill level 1 in Slings
  2046 | D:2      | Found a basalt altar of Yredelemnul.
  2113 | D:2      | Became a worshipper of Yredelemnul the Dark
  2592 | D:3      | Found a stormy altar of Qazlal.
  2593 | D:3      | Noticed an earth elemental
  2627 | D:3      | Reached skill level 1 in Short Blades
  2697 | D:3      | Killed from afar by an orc priest

Illustrated notes

Levels and vault maps discovered:
D:1:      psy_arrival_conway, layout_loops_ring
D:2:      layout_basic, yredelemnul_forgotten_temple_becter
D:3:      layout_rooms, nicolae_overflow_crystal_walls, mrwooster_statue_mirror,
          glass_columns_b, serial_bayou_pond_a, nicolae_qazlal_style_of_elements

Skill      XL: |  1  2  3  4 |
---------------+-------------+-----
Evocations     | 4 5 |  5.0
Slings         | 1 |  1.2
Short Blades   | 1 |  1.0
Fighting       | |  1.0
Armour         | |  1.7
Dodging        | |  0.8
Stealth        | |  0.8

Action                   |  1- 3 |  4- 6 || total
-------------------------+-------+-------++-------
Melee: Club              |    44 |       ||    44
       Mace              |     8 |       ||     8
       Short sword       |    11 |       ||    11
       Kick              |     7 |    11 ||    18
       Dagger            |    13 |    35 ||    48
 Fire: Hunting sling     |    62 |    51 ||   113
Throw: Stone             |    21 |     2 ||    23
       Dart              |       |     3 ||     3
Armor: Leather armour    |    25 |     9 ||    34
       Ring mail         |       |     6 ||     6
Dodge: Dodged            |    47 |    20 ||    67

Table legend: (Time is in decaauts)
 A = Elapsed time spent in this place.
 B = Non-inter-level travel time spent in this place.
 C = Inter-level travel time spent in this place.
 D = Time resting spent in this place.
 E = Time spent auto-exploring this place.
 F = Levels seen in this place.
 G = Mean time per level.
                   A        B        C        D        E       F      G
               +--------+--------+--------+--------+--------+-----+--------+
         Total |   2723 |   2634 |     89 |      0 |   2009 |   3 |  907.7 |
       Dungeon |   2723 |   2634 |     89 |      0 |   2009 |   3 |  907.7 |
               +--------+--------+--------+--------+--------+-----+--------+

Top non-repeatable levels by time:
     D:2: 1284 daAuts
     D:1: 1162 daAuts
     D:3: 276 daAuts
